 Dungeon Crawl Stone Soup version 0.26-a0-651-gb41185065b (webtiles) character file.

Game seed: 839199503810454649

659 kae the Ruffian (level 7, -5/52 HPs)
             Began as a Black Draconian Transmuter on Oct 28, 2020.
             Was a Follower of Wu Jian.
             Killed themself with a bounced bolt of lightning (6 damage)
             ... on level 5 of the Dungeon.
             The game lasted 00:03:56 (4620 turns).

kae the Ruffian (Black Draconian Transmuter)        Turns: 4620, Time: 00:03:56

Health: -5/52      AC:  8    Str: 14    XL:     7   Next: 30%
Magic:  0/10       EV: 12    Int: 13    God:    Wu Jian [*.....]
Gold:   250        SH:  0    Dex: 12    Spells: 6/10 levels left

rFire    . . .     SeeInvis +     - Unarmed
rCold    . . .     Faith    .   (no shield)
rNeg     + . .     Spirit   +   (armour unavailable)
rPois    .         Reflect  .   s - +2 hat
rElec    +         Harm     .   b - scarf {shadows}
rCorr    .         Rampage  .   (no gloves)
MR       .....                  (no boots)
Stlth    +.........             t - amulet of guardian spirit
HPRegen  0.17/turn              d - ring of see invisible
MPRegen  0.12/turn              i - ring of positive energy

@: no status effects
A: breathe lightning, unfitting armour, electricity resistance, cold-blooded, AC
+6
a: Breathe Lightning, Renounce Religion


You were on level 5 of the Dungeon.
You worshipped Wu Jian.
Wu Jian was aware of your devotion.
You visited 1 branch of the dungeon, and saw 5 of its levels.

You collected 250 gold pieces.

Inventory:

Armour
 b - a scarf of shadows (worn)
 s - a +2 hat (worn)
Jewellery
 d - a ring of see invisible (left hand)
 i - a ring of positive energy (right hand)
 t - an amulet of guardian spirit (around neck)
Wands
 n - a wand of iceblast (9)
 o - a wand of flame (12)
 p - a wand of paralysis (8)
 v - a wand of random effects (23)
Scrolls
 a - 2 scrolls of teleportation
 l - 4 scrolls of remove curse
 q - 2 scrolls of blinking
 u - 2 scrolls of magic mapping
Potions
 c - a potion of stabbing
 e - 2 potions of might
 f - 3 potions of degeneration
 g - a potion of brilliance
 h - a potion of berserk rage
 j - a potion of haste
 k - a potion of flight
 m - a potion of curing
 r - a potion of ambrosia


   Skills:
 - Level 1.1 Fighting
 - Level 1.7 Dodging
 * Level 7.2 Unarmed Combat
 - Level 2.0 Spellcasting
 + Level 4.9 Transmutations


You had 6 spell levels left.
You knew the following spells:

 Your Spells              Type           Power        Failure   Level
a - Beastly Appendage     Tmut           #.....       3%          1
b - Spider Form           Tmut/Pois      #.........   28%         3

Your spell library contained the following spells:

 Spells                   Type           Power        Failure   Level
 Wereblood                Tmut           #.......     4%          2
 Ice Form                 Ice/Tmut       #.......     67%         4
 Blade Hands              Tmut           #.........   67%         5


Dungeon Overview and Level Annotations

Branches:
Dungeon (5/15)             Temple (0/1) D:4

Altars:
Cheibriados
Dithmenos
Sif Muna
Vehumet
Wu Jian

Shops:
D:4 }


Innate Abilities, Weirdness & Mutations

You can breathe wild blasts of lightning.
Your glossy black scales are hard. (AC +6)
You cannot fit into any form of body armour.
You are resistant to electric shocks. (rElec)
You are cold-blooded and may be slowed by cold attacks.


Message History

You barely miss the orc warrior.
You tail-slap the orc warrior, but do no damage.
The orc warrior is heavily wounded.
The orc wizard gestures wildly while chanting.
The orc wizard blinks!
The orc warrior hits you with a +0 mace!!
* * * LOW HITPOINT WARNING * * *
You breathe a wild blast of lightning!
The orb of electricity explodes!
The orb of electricity engulfs you! You resist.
* * * LOW HITPOINT WARNING * * *
The orb of electricity engulfs the orc warrior.
You kill the orc warrior!
The Council accepts your kill.
Your Unarmed Combat skill increases to level 7!
The orb of electricity engulfs the orc!!
You kill the orc!
The Council accepts your kill.
You hear a mighty clap of thunder!
The bolt of lightning misses you. The bolt of lightning hits you. You resist.
You die...

######...#........
#...#.....# #.
####)).#+.# .....
#......#..### .#(.
#......#..##.##o8.#
#....)....# .o....#
#.........###.#...#.#
#...........##.#o8..#
#.......##.#@##(#
#....#'##..##)ยง#.#
#....#.....#######
#......#.... . .....
...#.


There were no monsters in sight!

Vanquished Creatures
  A sky beast (D:4)
  An orc warrior (D:5)
  An ogre (D:4)
  A bullfrog (D:4)
  A scorpion (D:4)
  A hound (D:4)
  An orc priest (D:5)
  An orc wizard (D:5)
  A centaur skeleton (D:4)
  An iguana (D:2)
  3 worker ants
  An ooze (D:2)
  11 orcs
  7 giant cockroaches
  4 goblins
  4 hobgoblins
  11 kobolds
  2 ball pythons
  6 bats
  4 frilled lizards
  8 rats
71 creatures vanquished.

Vanquished Creatures (others)
  2 plants (D:2)
2 creatures vanquished.

Grand Total: 73 creatures vanquished

Notes
Turn   | Place    | Note
-------+----------+-------------------------------------------
     0 | D:1      | kae the Draconian Transmuter began the quest for the Orb.
     0 | D:1      | Reached XP level 1. HP: 16/16 MP: 3/3
   313 | D:1      | Reached XP level 2. HP: 22/23 MP: 3/5
  1212 | D:2      | Found a radiant altar of Vehumet.
  1242 | D:2      | Reached XP level 3. HP: 28/28 MP: 4/6
  1247 | D:2      | Learned a level 3 spell: Spider Form
  1310 | D:2      | Found an ornate altar of the Wu Jian Council.
  1325 | D:2      | Reached skill level 4 in Unarmed Combat
  1329 | D:2      | Became a worshipper of the Wu Jian Council
  1518 | D:2      | Found a shimmering blue altar of Sif Muna.
  1767 | D:2      | Reached XP level 4. HP: 32/35 MP: 5/7
  2309 | D:3      | Found a shadowy altar of Dithmenos.
  3268 | D:4      | Found a staircase to the Ecumenical Temple.
  3271 | D:4      | Noticed an ogre
  3278 | D:4      | Noticed a sky beast
  3286 | D:4      | Killed a sky beast
  3286 | D:4      | Reached skill level 5 in Unarmed Combat
  3286 | D:4      | Reached XP level 5. HP: 31/40 MP: 3/8
  3550 | D:4      | Killed an ogre
  3550 | D:4      | Reached skill level 6 in Unarmed Combat
  3550 | D:4      | Reached XP level 6. HP: 47/47 MP: 2/9
  3827 | D:4      | Found a snail-covered altar of Cheibriados.
  3859 | D:4      | Reached * piety under Wu Jian
  4395 | D:4      | Found Diesokh's Gadget Shoppe.
  4529 | D:5      | Entered Level 5 of the Dungeon
  4542 | D:5      | Your scales start taking on a glossy black colour.
  4542 | D:5      | Reached XP level 7. HP: 52/52 MP: 6/10
  4542 | D:5      | Gained mutation: You are resistant to electric shocks.
                  | (rElec) [Black Draconian growth]
  4620 | D:5      | HP: 1/52 [bounced beam (8)]
  4620 | D:5      | Reached skill level 7 in Unarmed Combat
  4620 | D:5      | Killed themself with a bounced bolt of lightning

Illustrated notes

Levels and vault maps discovered:
D:1:      dpeg_arrival_pits, layout_basic, minmay_octomino_j4
D:2:      layout_basic, lemuel_blue_sif_altar, overflow_temple_1_default,
          vehumet_crystals, serial_forest, infiniplex_forest_join,
          infiniplex_forest_clump_medium, infiniplex_forest_clump_diagonal,
          infiniplex_forest_zigzag_1, infiniplex_forest_zigzag_1
D:3:      layout_loops_cross, nicolae_dithmenos_shadow_blocks,
          minmay_pentomino_pile
D:4:      layout_gridville, cheibriados_altar_1,
          minmay_temple_entry_statues_pillars, serial_shops,
          nicolae_shop_behind_doors, st_stairs_5, grunt_ministairs_9
D:5:      layout_basic, serial_shops, shop, guppyfry_early_orc_mine

Skill      XL: |  1  2  3  4  5  6  7 |
---------------+----------------------+-----
Unarmed Combat | 4 5 6 7 |  7.2
Transmutations | 3 4 |  4.9
Fighting       | |  1.1
Dodging        | |  1.7
Spellcasting   | |  2.0

Action                   |  1- 3 |  4- 6 |  7- 9 || total
-------------------------+-------+-------+-------++-------
Melee: Unarmed           |   113 |    91 |    18 ||   222
       Kick              |    15 |     9 |     1 ||    25
       Headbutt          |     7 |    10 |       ||    17
       Tailslap          |     5 |    11 |     1 ||    17
       Punch             |     1 |     1 |       ||     2
 Cast: Beastly Appendage |    18 |    14 |     1 ||    33
       Spider Form       |     1 |     5 |     1 ||     7
Invok: Lunge             |     1 |     7 |     1 ||     9
  Use: Scroll            |    10 |    10 |       ||    20
       Potion            |       |     3 |       ||     3
 Stab: Sleeping          |     1 |       |       ||     1
Armor: Skin              |    26 |    20 |       ||    46
Dodge: Dodged            |    80 |    56 |    12 ||   148

Table legend: (Time is in decaauts)
 A = Elapsed time spent in this place.
 B = Non-inter-level travel time spent in this place.
 C = Inter-level travel time spent in this place.
 D = Time resting spent in this place.
 E = Time spent auto-exploring this place.
 F = Levels seen in this place.
 G = Mean time per level.
                   A        B        C        D        E       F      G
               +--------+--------+--------+--------+--------+-----+--------+
         Total |   4601 |   4489 |    112 |    598 |   3193 |   5 |  920.2 |
       Dungeon |   4601 |   4489 |    112 |    598 |   3193 |   5 |  920.2 |
               +--------+--------+--------+--------+--------+-----+--------+

Top non-repeatable levels by time:
     D:4: 1264 daAuts
     D:2: 1222 daAuts
     D:1: 1054 daAuts
     D:3: 970 daAuts
     D:5: 88 daAuts
